 Dungeon Sprint DCSS version 0.19.0-22-gd96e5fe (webtiles) character file.

1486 dobroeutro the Brawler (level 8, -5/111 HPs)
             Began as a Troll Berserker on Nov 19, 2016.
             Was an Elder of Trog.
             Slain by a demonic crawler (7 damage)
             ... in the Dungeon (Sprint I: "Red Sonja").
             The game lasted 00:01:30 (431 turns).

dobroeutro the Brawler (Troll Berserker)             Turns: 431, Time: 00:01:31

Health: -5/111     AC:  5    Str: 32    XL:     8   Next: 50%
Magic:  7/7        EV: 10    Int:  3    God:    Trog [****..]
Gold:   405        SH:  0    Dex: 10    Spells: 0 memorised, 7 levels left

rFire  . . .     SeeInvis .       - Unarmed
rCold  . . .     Gourm    +     a - +0 animal skin
rNeg   . . .     Faith    .     (no shield)
rPois  .         Spirit   .     (helmet restricted)
rElec  .         Reflect  .     (no cloak)
rCorr  .         Harm     .     (gloves unavailable)
MR     .....     NoTele   +     (boots unavailable)
Stlth  ..........               (no amulet)
                                (no ring)
                                (no ring)

@: berserking (expiring), very quick
A: unfitting armour, claws 3, fast metabolism 3, gourmand, regeneration 1,
shaggy fur 1, tough skin 2
a: Berserk, Trog's Hand, Brothers in Arms, Burn Spellbooks, Renounce Religion


You were in the Dungeon.
You worshipped Trog.
Trog was greatly pleased with you.
You were not hungry.

You visited 1 branch You collected 405 gold pieces.

Inventory:

Armour
 a - a +0 animal skin (worn)
Scrolls
 h - a scroll of blinking
 j - a scroll of remove curse {unknown}
Potions
 c - a potion of curing
 d - a potion of heal wounds
 e - a potion of haste
 f - 2 potions of magic
 g - a potion of berserk rage
Comestibles
 b - 2 bread rations
 i - 4 fruits


   Skills:
 - Level 2.4 Fighting
 - Level 2.4 Dodging
 - Level 1.0 Stealth
 + Level 17.7 Unarmed Combat


You had 7 spell levels left.
You didn't know any spells.

Dungeon Overview and Level Annotations

Branches:
Dungeon (1/1)

Altars:
Cheibriados
Dithmenos
Elyvilon
Fedhas
Gozag
Hepliaklqana
Kikubaaqudgha
Makhleb
Nemelex Xobeh
Okawaru
Qazlal
Ru
Sif Muna
Trog
Uskayaw
Vehumet
Xom
Yredelemnul
Zin
The Shining One
Jiyva
Lugonu

Shops:
D (

Annotations:
D exclusion: 2 doors


Innate Abilities, Weirdness & Mutations

You are too large for most types of armour.
You have claws for hands.
Your metabolism is lightning-fast.
You like to eat raw meat.
Your natural rate of healing is unusually fast.
You are covered in fur. (AC +1)
You have very tough skin. (AC +2)


Message History

You are too injured to fight recklessly!
You scratch the demonic crawler.
The demonic crawler is lightly wounded.
The demonic crawler hits you but does no damage.
The demonic crawler hits you!
* * * LOW HITPOINT WARNING * * *
The demonic crawler misses you.
You barely miss the demonic crawler.
The demonic crawler is lightly wounded.
The demonic crawler hits you!
* * * LOW HITPOINT WARNING * * *
The demonic crawler barely misses you. The demonic crawler closely misses you.
You scratch the demonic crawler. Your claw misses the demonic crawler.
The demonic crawler is moderately wounded.
The demonic crawler closely misses you.
The demonic crawler hits you but does no damage. x2
You barely miss the demonic crawler.
The demonic crawler is moderately wounded.
The demonic crawler hits you!
You die...

##################
.#..'..#__#..'.).#
.').#..'^.'..#).s##+#
'#####'#__####..@ss.#
.#...#(#### #####..+
##..##.#≈§§ ##
_##'#..+§≈§
..'..._#≈§§.c
_##_.#'##+###
_###+#.# ## ###


You could see 3 demonic crawlers.

Vanquished Creatures
  2 kobold demonologists (D)
  A demonic crawler (D)
  A slime creature (D)
  Sigmund (D)
  A yak (D)
  A floating eye (D)
  An ogre (D)
  A jelly (D)
  Ijyb (D)
10 creatures vanquished.

Notes
Turn   | Place    | Note
-------+----------+-------------------------------------------
     0 | D        | dobroeutro the Troll Berserker began the quest for the Orb.
     0 | D        | Reached XP level 1. HP: 22/22 MP: 0/0
     1 | D        | Noticed Ijyb
    13 | D        | Killed Ijyb
    13 | D        | Reached skill level 6 in Unarmed Combat
    13 | D        | Reached XP level 2. HP: 27/29 MP: 1/1
   119 | D        | Noticed an ogre
   126 | D        | Killed an ogre
   126 | D        | Reached skill level 9 in Unarmed Combat
   126 | D        | Reached XP level 3. HP: 33/36 MP: 2/2
   126 | D        | Reached XP level 4. HP: 40/44 MP: 3/3
   141 | D        | Noticed Sigmund
   150 | D        | Killed Sigmund
   150 | D        | Reached ** piety under Trog
   150 | D        | Reached skill level 12 in Unarmed Combat
   150 | D        | Reached XP level 5. HP: 45/50 MP: 4/4
   188 | D        | Found a deep blue altar of Sif Muna.
   190 | D        | Found a radiant altar of Vehumet.
   194 | D        | Reached XP level 6. HP: 59/59 MP: 5/5
   197 | D        | Noticed a centaur warrior
   215 | D        | Found Ositokuf's Antique Weapon Emporium.
   215 | D        | Found an ancient bone altar of Kikubaaqudgha.
   215 | D        | Found a hazy altar of Hepliaklqana.
   215 | D        | Found a hide-covered altar of Uskayaw.
   215 | D        | Found a basalt altar of Yredelemnul.
   215 | D        | Found an opulent altar of Gozag.
   215 | D        | Found a snail-covered altar of Cheibriados.
   215 | D        | Found a sacrificial altar of Ru.
   215 | D        | Found a shadowy altar of Dithmenos.
   215 | D        | Noticed a yak
   224 | D        | Killed a yak
   224 | D        | Reached skill level 1 in Stealth
   224 | D        | Reached skill level 14 in Unarmed Combat
   225 | D        | Found a stormy altar of Qazlal.
   225 | D        | Found a blossoming altar of Fedhas.
   225 | D        | Found a bloodstained altar of Trog.
   225 | D        | Found an iron altar of Okawaru.
   225 | D        | Found a glowing golden altar of the Shining One.
   225 | D        | Found a glowing silver altar of Zin.
   225 | D        | Found a white marble altar of Elyvilon.
   228 | D        | Found a sparkling altar of Nemelex Xobeh.
   321 | D        | Found a viscous altar of Jiyva.
   321 | D        | Found a corrupted altar of Lugonu.
   321 | D        | Noticed a slime creature
   322 | D        | Found a burning altar of Makhleb.
   322 | D        | Found a shimmering altar of Xom.
   326 | D        | Killed a slime creature
   326 | D        | Reached *** piety under Trog
   326 | D        | Reached skill level 15 in Unarmed Combat
   326 | D        | Reached XP level 7. HP: 43/66 MP: 6/6
   376 | D        | Noticed a kobold demonologist
   377 | D        | Noticed a kobold demonologist
   378 | D        | Noticed a soul eater
   379 | D        | Killed a kobold demonologist
   379 | D        | Reached skill level 16 in Unarmed Combat
   379 | D        | Paralysed by a floating eye for 4 turns
   387 | D        | Killed a kobold demonologist
   387 | D        | Reached **** piety under Trog
   387 | D        | Reached skill level 17 in Unarmed Combat
   387 | D        | Reached XP level 8. HP: 74/74 MP: 7/7
   417 | D        | Noticed a demonic crawler
   417 | D        | Noticed a demonic crawler
   417 | D        | Noticed a demonic crawler
   417 | D        | Noticed a demonic crawler
   424 | D        | Killed a demonic crawler
   429 | D        | HP: 1/111 [demonic crawler (13)]
   431 | D        | Slain by a demonic crawler

Skill      XL: |  1  2  3  4  5  6  7 |
---------------+----------------------+-----
Unarmed Combat | 6 9 12 15 17 | 17.7
Stealth        | 1 |  1.0
Fighting       | |  2.4
Dodging        | |  2.4

Action                   |  1- 3 |  4- 6 |  7- 9 || total
-------------------------+-------+-------+-------++-------
Melee: Unarmed           |    17 |    21 |    17 ||    55
       Punch             |       |     1 |     1 ||     2
Invok: Berserk           |       |     1 |     2 ||     3
  Eat: Chunk             |     1 |     6 |       ||     7
Armor: Animal skin       |     2 |     1 |    26 ||    29
Dodge: Dodged            |     8 |     2 |    14 ||    24
